 Dungeon Crawl Stone Soup version 0.30-a0-310-g7d6cbdfea6 (webtiles) character file.

Game seed: 15421336187899790019

41 NinjaNoafa the Chopper (level 3, -2/31 HPs)
             Began as a Minotaur Fighter on Oct 24, 2022.
             Slain by an orc priest
             ... wielding a +0 trident
              (6 damage)
             ... on level 3 of the Dungeon.
             The game lasted 00:01:48 (1267 turns).

NinjaNoafa the Chopper (Minotaur Fighter)           Turns: 1267, Time: 00:01:49

Health: -2/31      AC: 16    Str: 22    XL:     3   Next: 32%
Magic:  2/2        EV:  9    Int:  5    God:
Gold:   62         SH:  9    Dex:  9    Spells: 2/2 levels left

rFire   . . .      SeeInvis .    a - +0 war axe
rCold   . . .      Faith    .    c - +0 buckler
rNeg    . . .      Spirit   .    b - +0 scale mail
rPois   .          Reflect  +    (helmet restricted)
rElec   .          Harm     .    o - +0 cloak
rCorr   .          Rampage  .    (no gloves)
Will    .....                    (no boots)
Stlth   ..........               g - amulet of reflection
HPRegen 0.25/turn                t - +4 ring of protection
MPRegen 0.08/turn                n - +4 ring of protection

@: no status effects
A: horns 2, retaliatory headbutt
a: no special abilities


You were on level 3 of the Dungeon.
You visited 1 branch of the dungeon, and saw 3 of its levels.

You collected 62 gold pieces.

Inventory:

Hand Weapons
 a - a +0 war axe (weapon)
Missiles
 k - 26 stones (quivered)
Armour
 b - a +0 scale mail (worn)
 c - a +0 buckler (worn)
 o - a +0 cloak (worn)
Jewellery
 g - an amulet of reflection (around neck)
 j - a ring of poison resistance
 n - a +4 ring of protection (right hand)
 t - a +4 ring of protection (left hand)
Scrolls
 h - a scroll of identify {unknown}
 i - a scroll of blinking {unknown}
 l - a scroll of noise {unknown}
 r - a scroll of summoning {unknown}
 s - a scroll of vulnerability {unknown}
 u - a scroll of magic mapping {unknown}
 v - a scroll of enchant weapon {unknown}
Potions
 d - 2 potions of might
 e - a potion of brilliance {unknown}
 f - 2 potions of curing {unknown}
 m - a potion of attraction {unknown}
 p - a potion of berserk rage {unknown}
 q - a potion of haste {unknown}


   Skills:
 - Level 3.6 Fighting
 + Level 4.6 Axes
 - Level 3.6 Armour
 - Level 3.6 Shields


You had 2 spell levels left.
You didn't know any spells.
Your spell library contained the following spells:

 Spells                   Type           Power      Damage    Failure   Level
 Inner Flame              Hex/Fire       0%         N/A       99%         3
 Vhi's Electric Charge    Tloc/Air       0%         N/A       99%         3
 Cause Fear               Hex            0%         N/A       100%        4
 Arcjolt                  Conj/Air       0%         1d10      100%        5
 Discord                  Hex            0%         N/A       100%        8
 Maxwell's Capacitive Co  Air            0%         ∞         100%        8


Dungeon Overview and Level Annotations

Branches:
Dungeon (3/15)

Altars:


Innate Abilities, Weirdness & Mutations

You have a pair of horns on your head.
You reflexively headbutt those who attack you in melee.


Message History

Beogh smites you!
You see here a +0 club.
The orc barely misses you. You block the orc's attack.
You hit the orc. You headbutt the orc.
You kill the orc!
You slash the orc!
You kill the orc!
The orc priest hits you but does no damage.
An orc comes into view. It is wielding a +0 hand axe.
You block the orc priest's attack.
Things that are here:
a +0 short sword; an orc corpse The orc shouts!
You hit the orc priest.
The orc priest is lightly wounded.
The orc priest hits you but does no damage.
You barely miss the orc priest.
The orc priest is lightly wounded.
The orc priest hits you but does no damage.
You closely miss the orc priest. Your headbutt misses the orc priest.
The orc priest is lightly wounded.
You block the orc priest's attack.
The orc priest hits you but does no damage.
You hit the orc priest but do no damage.
The orc priest is lightly wounded.
The orc priest hits you but does no damage.
You hit the orc priest.
The orc priest is lightly wounded.
The orc priest mumbles some strange prayers to Beogh against you.
Beogh smites you!
You hit the orc priest but do no damage.
The orc priest is lightly wounded.
The orc priest hits you but does no damage.
You hit the orc priest but do no damage.
The orc priest is lightly wounded.
The orc priest invokes the aid of Beogh against you.
Beogh smites you!
* * * LOW HITPOINT WARNING * * *
The orc priest hits you with a +0 trident.
You die...

.. . ##. #..
#.# #o# #o# #
#@#.#.#
#.#.#.#
#))...#
#.###.### #.#
... #.###.##
#......####.#
###..#.......
##...####


You could see an orc priest and an orc.

Vanquished Creatures
  3 orcs (D:3)
  8 ball pythons
  2 endoplasms
  6 goblins
  3 hobgoblins
  2 jackals (D:1)
  5 kobolds
  A quokka (D:2)
  2 frilled lizards
  2 rats
34 creatures vanquished.

Notes
Turn   | Place    | Note
-------+----------+-------------------------------------------
     0 | D:1      | NinjaNoafa the Minotaur Fighter began the quest for the
                  | Orb.
     0 | D:1      | Reached XP level 1. HP: 19/19 MP: 0/0
   226 | D:1      | Reached skill level 3 in Axes
   245 | D:1      | Reached XP level 2. HP: 26/26 MP: 1/1
   792 | D:2      | Reached skill level 4 in Axes
   980 | D:2      | Reached XP level 3. HP: 31/31 MP: 2/2
  1267 | D:3      | Slain by an orc priest

Illustrated notes

Levels and vault maps discovered:
D:1:      dpeg_arrival_boxes_within_box, layout_rooms, minmay_indecisive_spiral
D:2:      layout_rooms, minmay_unequal
D:3:      layout_loops_ring, uniq_natasha, uniq_terence

Skill      XL: |  1  2 |
---------------+-------+-----
Axes           | 3 4 |  4.6
Fighting       | |  3.6
Armour         | |  3.6
Shields        | |  3.6

Action                   || total
-------------------------++-------
Melee: War axe           ||    72
       Headbutt          ||     7
Armor: Scale mail        ||    35
Dodge: Dodged            ||    30
Block: Buckler           ||    40
       Reflection        ||     1

Table legend: (Time is in decaauts)
 A = Elapsed time spent in this place.
 B = Non-inter-level travel time spent in this place.
 C = Inter-level travel time spent in this place.
 D = Time resting spent in this place.
 E = Time spent auto-exploring this place.
 F = Levels seen in this place.
 G = Mean time per level.
                   A        B        C        D        E       F      G
               +--------+--------+--------+--------+--------+-----+--------+
         Total |   1288 |   1223 |     65 |      0 |    950 |   3 |  429.3 |
       Dungeon |   1288 |   1223 |     65 |      0 |    950 |   3 |  429.3 |
               +--------+--------+--------+--------+--------+-----+--------+

Top non-repeatable levels by time:
     D:1: 713 daAuts
     D:2: 473 daAuts
     D:3: 102 daAuts
